 Dungeon Crawl Stone Soup version 0.27.0-1-g7a089689b8 (webtiles) character file.

Game seed: 15324313762015027919

211 HungrySpirit the Skirmisher (level 5, 0/47 HPs)
             Began as a Mummy Abyssal Knight on Aug 1, 2021.
             Was a Believer of Lugonu.
             Slain by an orc warrior (5 damage)
             ... on level 3 of the Dungeon.
             The game lasted 00:06:50 (4341 turns).

HungrySpirit the Skirmisher (Mummy Abyssal Knight)  Turns: 4341, Time: 00:06:51

Health: 0/47       AC:  9    Str: 15    XL:     5   Next: 57%
Magic:  6/6        EV: 10    Int: 11    God:    Lugonu [**....]
Gold:   164        SH:  0    Dex: 13    Spells: 4/4 levels left

rFire    x . .     SeeInvis .   h - +2 dagger (elec)
rCold    + . .     Faith    .   (no shield)
rNeg     + + +     Spirit   .   e - +0 chain mail
rPois    ∞         Reflect  .   g - +0 helmet
rElec    .         Harm     .   (no cloak)
rCorr    .         Rampage  .   (no gloves)
Will     .....                  (no boots)
Stlth    ..........             (no amulet)
HPRegen  0.15/turn              d - +4 ring of evasion
MPRegen  0.10/turn              (no ring)

@: no status effects
A: cold resistance 1, negative energy resistance 3, torment resistance 2, heat
vulnerability 1, no potions
a: Renounce Religion, Depart the Abyss, Bend Space


You were on level 3 of the Dungeon.
You worshipped Lugonu.
Lugonu was pleased with you.
You visited 1 branch of the dungeon, and saw 4 of its levels.
You visited the Abyss 1 time.

You collected 164 gold pieces.

Inventory:

Hand Weapons
 b - a +0 long sword
 h - a +2 dagger of electrocution (weapon)
Armour
 e - a +0 chain mail (worn)
 g - a +0 helmet (worn)
Jewellery
 d - a +4 ring of evasion (left hand)
Scrolls
 a - a scroll of amnesia {unknown}
 c - a scroll of acquirement {unknown}
 f - a scroll of identify {unknown}
 i - a scroll of teleportation {unknown}


   Skills:
 + Level 6.4 Fighting
 - Level 1.5 Short Blades
 - Level 1.5 Armour
 - Level 0.7 Dodging
 - Level 1.5 Invocations


You had 4 spell levels left.
You didn't know any spells.
Your spell library was empty.

Dungeon Overview and Level Annotations

Branches:
Dungeon (4/15)             Temple (0/1) D:4

Altars:

Shops:
D:1 (   D:4 (

Annotations:
D:2 Terence
D:3 Sigmund
D:4 Dowan


Innate Abilities, Weirdness & Mutations

You are immune to poison.
Your flesh is cold resistant. (rC+)
You are immune to negative energy. (rN+++)
You are immune to unholy pain and torment.
You are vulnerable to heat. (rF-)
You do not drink.


Message History

You now have 164 gold pieces (gained 14).
An orc and an orc priest come into view.
The orc shouts!
The orc priest shouts!
You hear a shout!
The orc throws a boomerang.
The boomerang hits you.
An orc warrior comes into view. It is wielding a +0 war axe.
An orc priest comes into view. It is wielding a +0 falchion.
There are monsters nearby!
Unknown command.
You start waiting.
An orc is nearby!
You start waiting.
An orc is nearby!
The orc throws a boomerang.
The boomerang barely misses you.
You swing at nothing.
You swing at nothing.
You swing at nothing.
You swing at nothing.
You swing at nothing.
You hit the orc warrior.
The orc warrior is lightly wounded.
The orc warrior hits you with a +0 war axe!
Items here: ( )))) [[ ÷÷.
There is a stone staircase leading up here.
The orc warrior hits you with a +0 war axe!
You climb upwards.
Level annotation: Sigmund
There is a stone staircase leading down here.
The orc warrior hits you with a +0 war axe!
You barely miss the orc warrior.
The orc warrior hits you with a +0 war axe!
* * * LOW HITPOINT WARNING * * *
You hit the orc warrior but do no damage.
The orc warrior closely misses you.
You barely miss the orc warrior.
The orc warrior hits you but does no damage.
You hit the orc warrior but do no damage.
You hit the orc warrior.
The orc warrior is lightly wounded.
The orc warrior hits you with a +0 war axe.
You die...

#######..##..# #####
#.####.#########
#####.####..........
#.........##########
#.........# #######
#.........####......
#..............#####
#..o.....>######
#..@<.....#
#.........#
#.........#
#>........#
###########


You could see an orc warrior.

Vanquished Creatures
  A jelly (D:3)
  Natasha (twice) (D:3)
  6 adders
  An adder skeleton (D:2)
  2 worms (D:2)
  3 dart slugs
  6 orcs
  5 bats
  2 endoplasms
  4 giant cockroaches
  2 goblins
  4 hobgoblins
  6 jackals (D:1)
  2 quokkas (D:2)
  11 ball pythons
  4 kobolds
  2 rats
63 creatures vanquished.

Vanquished Creatures (others)
  4 fungi (D:3)
  5 plants (D:3)
9 creatures vanquished.

Grand Total: 72 creatures vanquished

Notes
Turn   | Place    | Note
-------+----------+-------------------------------------------
     0 | Abyss:1  | HungrySpirit the Mummy Abyssal Knight began the quest for
                  | the Orb.
     0 | Abyss:1  | Reached XP level 1. HP: 18/18 MP: 2/2
     2 | Abyss:1  | Found a corrupted altar of Lugonu.
    48 | Abyss:1  | Noticed a wretched star
    52 | D:1      | Escaped the Abyss
   110 | D:1      | Reached * piety under Lugonu
   207 | D:1      | Found Haveos's Antique Weapon Shoppe.
   571 | D:1      | Reached XP level 2. HP: 24/24 MP: 3/3
   837 | D:1      | Reached skill level 4 in Fighting
  1323 | D:2      | Reached XP level 3. HP: 30/30 MP: 4/4
  1361 | D:2      | Noticed Terence
  2374 | D:2      | Reached ** piety under Lugonu
  2387 | D:2      | Reached skill level 5 in Fighting
  2387 | D:2      | Reached XP level 4. HP: 35/39 MP: 5/5
  3065 | D:3      | Noticed Sigmund
  3152 | D:3      | Found a faded altar of an unknown god.
  3370 | D:3      | Noticed Natasha
  3398 | D:3      | Killed Natasha
  3399 | D:3      | Reached XP level 5. HP: 40/46 MP: 6/6
  3405 | D:3      | Noticed Natasha
  3441 | D:3      | Killed Natasha
  3442 | D:3      | Reached skill level 6 in Fighting
  3791 | D:4      | Noticed Dowan
  3816 | D:4      | Found a staircase to the Ecumenical Temple.
  4184 | D:4      | Found Meoqew's Weapon Boutique.
  4264 | D:4      | Noticed an orc warrior
  4341 | D:3      | Slain by an orc warrior

Illustrated notes

Levels and vault maps discovered:
D:1:      eino_arrival_cavern_d, layout_basic, serial_shops, shop
D:2:      layout_basic, lightli_corner_chamber, uniq_terence
D:3:      layout_rooms, gup_sewer_entry_spiral,
          dreamdust_ecumenical_altar_grove, uniq_natasha, uniq_sigmund
D:4:      layout_basic, minmay_temple_entry_large_hall, serial_shops,
          nicolae_diamond_shop, uniq_duvessa

Skill      XL: |  1  2  3  4  5 |
---------------+----------------+-----
Fighting       | 4 5 6 |  6.4
Short Blades   | |  1.5
Armour         | |  1.5
Dodging        | |  0.7
Invocations    | |  1.5

Action                   |  1- 3 |  4- 6 || total
-------------------------+-------+-------++-------
Melee: Short sword       |   174 |   148 ||   322
       Dagger            |       |    10 ||    10
Invok: Depart the Abyss  |     1 |       ||     1
Armor: Leather armour    |    26 |       ||    26
       Chain mail        |    23 |    51 ||    74
Dodge: Dodged            |   107 |    76 ||   183
